 Dungeon Crawl Stone Soup version 0.21.1-1-g345015fe64 (webtiles) character file.

4001 Dox the Basher (level 10, -3/60 HPs)
             Began as a Gargoyle Fighter on Apr 13, 2018.
             Was a Follower of Ashenzari.
             Slain by a two-headed ogre
             ... wielding a cursed -3 giant club
              (5 damage)
             ... on level 8 of the Dungeon.
             The game lasted 00:42:32 (7023 turns).

Dox the Basher (Gargoyle Fighter)                   Turns: 7023, Time: 00:42:33

Health: -3/60      AC: 18    Str: 22    XL:     10   Next: 23%
Magic:  13/13      EV:  9    Int:  8    God:    Ashenzari [*.....]
Gold:   466        SH: 11    Dex: 13    Spells: 9/9 levels left

rFire    . . .     SeeInvis .   l - +4 mace
rCold    . . .     Gourm    .   s - +0 shield
rNeg     + . .     Faith    .   b - +0 scale mail
rPois    ∞         Spirit   .   c - +0 helmet
rElec    +         Reflect  .   i - +0 cloak
rCorr    .         Harm     .   (no gloves)
MR       .....                  x - +0 pair of boots
Stlth    ..........             (no amulet)
HPRegen  0.20/turn              u - +2 ring of dexterity
MPRegen  0.13/turn              y - +1 ring of slaying

@: no status effects
A: negative energy resistance 1, electricity resistance, unbreathing,
petrification resistance, rot immunity, AC +7
a: Curse Item, Scrying, Renounce Religion


You were on level 8 of the Dungeon.
You worshipped Ashenzari.
Ashenzari was aware of your devotion.
You were hungry.

You visited 2 branches of the dungeon, and saw 9 of its levels.

You collected 466 gold pieces.

Inventory:

Hand Weapons
 l - a +4 mace (weapon)
Missiles
 h - 97 stones (quivered)
 m - a tomahawk
Armour
 b - a +0 scale mail (worn)
 c - a +0 helmet (worn)
 i - a +0 cloak (worn)
 s - a +0 shield (worn)
 x - a +0 pair of boots (worn)
Jewellery
 u - a +2 ring of dexterity (left hand)
 y - a +1 ring of slaying (right hand)
Wands
 d - a wand of polymorph (12)
 q - a wand of scattershot (5)
 r - a wand of paralysis (14)
 v - a wand of flame (79)
Scrolls
 a - a scroll of identify
 k - 2 scrolls of enchant armour
 w - a scroll of blinking
Potions
 e - a potion of agility
 g - a potion of curing
 j - a potion of resistance
 n - a potion of haste
 o - 2 potions of might
 p - a potion of flight
 t - a potion of lignification {unknown}
Comestibles
 f - 13 rations


   Skills:
 + Level 6.1 Fighting
 + Level 8.6 Maces & Flails
 + Level 4.5 Throwing
 + Level 5.7 Armour
 + Level 2.8 Dodging
 + Level 7.0 Shields
 + Level 4.4 Evocations


You had 9 spell levels left.
You didn't know any spells.

Dungeon Overview and Level Annotations

Branches:
Dungeon (8/15)             Temple (1/1) D:4
   Lair: D:8-11

Altars:
Ashenzari
Cheibriados
Dithmenos
Elyvilon
Fedhas
Gozag
Hepliaklqana
Kikubaaqudgha
Makhleb
Nemelex Xobeh
Okawaru
Qazlal
Ru
Sif Muna
Trog
Uskayaw
Vehumet
Wu Jian
Yredelemnul
Zin


Innate Abilities, Weirdness & Mutations

You are resistant to torment.
Your stone body is resilient. (AC +7)
You are immune to poison.
You resist negative energy. (rN+)
You are resistant to electric shocks. (rElec)
You can survive without breathing.
You are immune to petrification.
You are immune to rotting.


Message History

The two-headed ogre closely misses you.
The two-headed ogre hits you with a giant club!
* * * LOW HITPOINT WARNING * * *
You thump the two-headed ogre!
The two-headed ogre is almost dead.
The two-headed ogre closely misses you.
The two-headed ogre hits you with a giant club!
* * * LOW HITPOINT WARNING * * *
You hit the two-headed ogre but do no damage.
The two-headed ogre is almost dead.
The two-headed ogre hits you with a giant club!
* * * LOW HITPOINT WARNING * * *
You block the two-headed ogre's attack.
You hit the two-headed ogre.
The two-headed ogre is almost dead.
You hit the two-headed ogre.
The two-headed ogre is almost dead.
The two-headed ogre barely misses you.
The two-headed ogre hits you with a giant club.
You die...

########## ##########
#.........
.........##
#.######## ##...##
#@#
##.>...#####O########
#..........hZ........
##..>.........###.###
#....<....#..#
#...####..#..#
....... ....#..#
####.####...#... #.#
#...#..##


You could see a two-headed ogre, a hound and a bullfrog zombie.

Vanquished Creatures
  Pikel (D:7)
  Joseph (D:7)
  The ghost of supermoro the Sneak, an amateur MfEn (D:3)
  A hippogriff (D:7)
  A sky beast (D:7)
  2 ice beasts
  An ogre (D:5)
  A phantom (D:5)
  4 centaurs
  4 bullfrogs
  Blork the orc (D:3)
  A gnoll sergeant (D:6)
  A scorpion (D:6)
  A howler monkey (D:5)
  2 crimson imps
  A bullfrog zombie (D:5)
  3 jellies
  Crazy Yiuf (D:6)
  A gnoll shaman (D:6)
  5 centaur skeletons
  3 hounds (D:7)
  3 orc priests
  8 orc wizards
  3 worker ants
  A hound skeleton (D:7)
  51 gnolls
  9 adders
  2 shadow imps
  An ooze (D:5)
  2 adder zombies
  An adder skeleton (D:7)
  6 worms
  4 dart slugs
  4 leopard geckos
  21 orcs
  4 giant cockroaches
  8 goblins
  5 hobgoblins
  29 jackals
  8 kobolds
  6 quokkas
  2 ball pythons (D:4)
  4 bats
  3 frilled lizards
  A leopard gecko zombie (D:7)
  9 rats
232 creatures vanquished.

Vanquished Creatures (others)
  2 orc warriors (D:8)
  A phantom (D:7)
  A slave (D:7)
  A centaur (D:7)
  A hound (D:8)
  A leopard gecko (D:8)
  2 jackals (D:7)
  A quokka (D:8)
10 creatures vanquished.

Grand Total: 242 creatures vanquished

Notes
Turn   | Place    | Note
-------+----------+-------------------------------------------
     0 | D:1      | Dox the Gargoyle Fighter began the quest for the Orb.
     0 | D:1      | Reached XP level 1. HP: 14/14 MP: 1/1
    74 | D:1      | Reached XP level 2. HP: 16/20 MP: 2/2
   387 | D:1      | Reached XP level 3. HP: 24/24 MP: 3/3
   969 | D:2      | Reached XP level 4. HP: 19/29 MP: 4/4
  1353 | D:2      | Reached skill level 3 in Maces & Flails
  1847 | D:3      | Reached XP level 5. HP: 32/33 MP: 5/5
  2013 | D:3      | Noticed supermoro's ghost (amateur MfEn)
  2041 | D:3      | Killed supermoro's ghost
  2041 | D:3      | Reached skill level 4 in Maces & Flails
  2041 | D:3      | Reached skill level 1 in Throwing
  2041 | D:3      | Reached skill level 1 in Dodging
  2041 | D:3      | Reached XP level 6. HP: 32/39 MP: 6/6
  2277 | D:3      | Reached XP level 7. HP: 35/44 MP: 7/7
  2675 | D:4      | Found a stormy altar of Qazlal.
  2684 | D:4      | Found a blossoming altar of Fedhas.
  2780 | D:4      | Reached skill level 5 in Maces & Flails
  2821 | D:4      | Found a staircase to the Ecumenical Temple.
  2832 | Temple   | Entered the Ecumenical Temple
  2858 | Temple   | Became a worshipper of Ashenzari the Shackled
  3338 | D:5      | Entered Level 5 of the Dungeon
  3423 | D:5      | Reached skill level 5 in Fighting
  3423 | D:5      | Reached skill level 5 in Shields
  3505 | D:5      | Reached XP level 8. HP: 49/49 MP: 8/8
  3540 | D:5      | Reached skill level 6 in Maces & Flails
  3905 | D:6      | Reached * piety under Ashenzari
  4114 | D:6      | Reached skill level 5 in Armour
  4114 | D:6      | Reached skill level 1 in Evocations
  4426 | D:6      | Noticed Blork the orc
  4541 | D:3      | Killed Blork the orc
  4733 | D:6      | Found a runed door.
  4805 | D:6      | Reached XP level 9. HP: 50/54 MP: 10/10
  5113 | D:6      | Reached skill level 7 in Maces & Flails
  6099 | D:6      | Noticed Crazy Yiuf
  6106 | D:6      | Killed Crazy Yiuf
  6160 | D:7      | Found a radiant altar of Vehumet.
  6255 | D:7      | Noticed Joseph
  6277 | D:7      | Killed Joseph
  6431 | D:7      | Reached skill level 8 in Maces & Flails
  6477 | D:7      | Noticed Pikel
  6508 | D:7      | Killed Pikel
  6508 | D:7      | Reached XP level 10. HP: 60/60 MP: 11/13
  6923 | D:7      | Found an iron altar of Okawaru.
  6998 | D:8      | Noticed a two-headed ogre
  7021 | D:8      | HP: 2/60 [two-headed ogre/giant club (8)]
  7023 | D:8      | Slain by a two-headed ogre

Skill      XL: |  1  2  3  4  5  6  7  8  9 10 |
---------------+-------------------------------+-----
Fighting       | 4 5 6 |  6.1
Maces & Flails | 3 4 5 6 8 |  8.6
Shields        | 4 5 6 7 |  7.0
Throwing       | 1 2 3 4 |  4.5
Armour         | 4 5 |  5.7
Dodging        | 1 2 |  2.8
Evocations     | 1 4 |  4.4

Action                   |  1- 3 |  4- 6 |  7- 9 | 10-12 || total
-------------------------+-------+-------+-------+-------++-------
Melee: Flail             |   116 |   184 |   148 |       ||   448
       Mace              |       |       |   431 |    87 ||   518
Throw: Stone             |    40 |    64 |   236 |    18 ||   358
Evoke: Wand              |       |       |     5 |       ||     5
  Use: Scroll            |     6 |     1 |     8 |       ||    15
       Potion            |       |     1 |     2 |       ||     3
  Eat: Chunk             |       |     5 |    15 |     1 ||    21
Armor: Scale mail        |    58 |    85 |   262 |    23 ||   428
Dodge: Dodged            |    29 |    54 |   180 |    24 ||   287
Block: Shield            |    60 |    85 |   292 |    44 ||   481
